 Dungeon Crawl Stone Soup version 0.21-a0-273-g0785366 (webtiles) character file.

1852 Chiseanne the Ruffian (level 8, 0/80 HPs)
             Began as a Troll Wanderer on Sept 16, 2017.
             Was a Believer of Wu Jian.
             Slain by a hornet (3 damage)
             ... while paralysed by a hornet
             ... on level 7 of the Dungeon.
             The game lasted 00:14:17 (5627 turns).

Chiseanne the Ruffian (Troll Wanderer)              Turns: 5627, Time: 00:14:18

Health: 0/80       AC:  6    Str: 20    XL:     8   Next: 88%
Magic:  7/7        EV:  1    Int: 10    God:    Wu Jian [**....]
Gold:   54         SH:  0    Dex: 10    Spells: 7/7 levels left

rFire    . . .     SeeInvis .     - Unarmed
rCold    . . .     Gourm    +   (no shield)
rNeg     . . .     Faith    .   d - +1 robe
rPois    .         Spirit   .   (helmet restricted)
rElec    .         Reflect  .   (no cloak)
rCorr    .         Harm     .   (gloves unavailable)
MR       .....                  (boots unavailable)
Stlth    +.........             G - amulet of regeneration
HPRegen  1.03/turn              (no ring)
MPRegen  0.10/turn              (no ring)

@: paralysed, slowed
A: unfitting armour, claws 3, fast metabolism 3, gourmand, regeneration 1,
shaggy fur 1, tough skin 2
a: Renounce Religion


You were on level 7 of the Dungeon.
You worshipped Wu Jian.
Wu Jian was pleased with you.
You were very full.

You visited 2 branches of the dungeon, and saw 8 of its levels.
You also visited: Ossuary.

You collected 406 gold pieces.
You spent 352 gold pieces at shops.

Inventory:

Hand Weapons
 a - a +3 mace
Missiles
 i - 189 stones
 r - 62 bolts
 v - 6 large rocks (quivered)
 w - 5 sling bullets
 y - 6 javelins
 z - 142 arrows
 C - 8 tomahawks
 F - 10 poisoned needles
Armour
 d - a +1 robe (worn)
Jewellery
 G - an amulet of regeneration (around neck)
 J - an uncursed ring of ice
Wands
 B - a wand of flame (22/48)
 D - a wand of disintegration (15/24)
 I - a wand of lightning (9/15)
Scrolls
 b - 5 scrolls of teleportation
 l - 2 scrolls of amnesia
 q - a scroll of magic mapping
 t - 3 scrolls of recharging
 L - 3 scrolls of fear
 M - a scroll of enchant armour
Potions
 c - a potion of lignification
 e - 4 potions of mutation
 h - 2 potions of brilliance
 j - a potion of experience {unknown}
 k - a potion of heal wounds {unknown}
 m - a potion of degeneration {unknown}
 n - 2 potions of haste
 o - 2 potions of agility
 p - 5 potions of flight
 s - 2 potions of berserk rage
 u - a potion of curing {unknown}
 x - a potion of magic {unknown}
 A - a potion of cancellation
 H - a potion of might {unknown}
Comestibles
 f - 5 bread rations
 g - 2 royal jellies
 E - a meat ration


   Skills:
 * Level 5.1 Fighting
 - Level 1.7 Maces & Flails
 * Level 4.0 Throwing
 * Level 5.7 Dodging
 - Level 1.0 Stealth
   Level 1.0 Shields
 * Level 5.9 Unarmed Combat


You had 7 spell levels left.
You didn't know any spells.

Dungeon Overview and Level Annotations

Branches:
Dungeon (7/15)             Temple (1/1) D:6

Altars:
Ashenzari
Elyvilon
Ru
Sif Muna
Vehumet
Wu Jian

Shops:
D:4 }   D:5 =


Innate Abilities, Weirdness & Mutations

You are too large for most types of armour.
You have claws for hands.
Your metabolism is lightning-fast.
You like to eat raw meat.
Your natural rate of healing is unusually fast.
You are covered in fur. (AC +1)
You have very tough skin. (AC +2)


Message History

The hornet is heavily wounded.
The hornet misses you. The hornet stings you.
* * * LOW HITPOINT WARNING * * *
You feel as though you will be slow longer.
You spin and attack the hornet.
An iguana comes into view.
The iguana hisses angrily.
You claw the hornet! Your claw misses the hornet.
The hornet is severely wounded.
The hornet stings you!
* * * LOW HITPOINT WARNING * * *
You suddenly lose the ability to move!
The hornet stings you!
* * * LOW HITPOINT WARNING * * *
You feel as though you will be slow longer.
The hornet stings you but does no damage.
The hornet stings you.
* * * LOW HITPOINT WARNING * * *
You feel as though you will be slow longer.
The hornet stings you.
You die...

***,,,,,,..###..........#
,,,,**,***** #.......?..#
**,,**,******##........##
,,,*,,,,,,,,* ##..))..##
,,,,,,,,,,,,* ###)####
,,,,,,,,,,,,*#####.##
**,,,,,,.,,,*#...>..##
,,**,,,,..,,*#..yZ...#
,,**,,,,...,*#.l@....#
,,**,,,,,...##.......#
,,,,,,,,,............#
,,**,,,,,..r##.......#
,,**,,,,,..,#........#
,,*******#**#........#
,### ##........# ,..#
#..######.#***** *#.#
######.####..,.o.,,,*


You could see a hornet, an iguana, a worm zombie and a quokka (wandering).

Vanquished Creatures
  Prince Ribbit (D:7)
  Sigmund (D:5)
  An orc warrior (D:7)
  A black bear (D:7)
  An ice beast (D:5)
  An ogre (D:7)
  A phantom (D:4)
  A scorpion (D:4)
  A howler monkey (D:6)
  4 centaur zombies
  A human zombie (Ossuary)
  4 orc priests
  A hound (D:6)
  3 orc wizards
  2 iguanas
  Ijyb (D:5)
  4 worker ants
  2 mummies (Ossuary)
  3 worker ant zombies
  7 gnolls
  10 adders
  A shadow imp (D:7)
  3 oozes
  2 adder skeletons
  An adder zombie (Ossuary)
  7 worms
  3 leopard geckos
  14 orcs
  5 giant cockroaches
  10 goblins
  12 hobgoblins
  4 jackals (D:1)
  8 kobolds
  5 quokkas
  9 bats
  5 frilled lizards
  A goblin zombie (Ossuary)
  10 hobgoblin zombies (Ossuary)
  A jackal zombie (Ossuary)
  9 kobold zombies (Ossuary)
  A leopard gecko skeleton (D:4)
  10 orc zombies (Ossuary)
  A quokka skeleton (D:4)
  8 rats
  A rat zombie (Ossuary)
182 creatures vanquished.

Notes
Turn   | Place    | Note
-------+----------+-------------------------------------------
     0 | D:1      | Chiseanne the Troll Wanderer began the quest for the Orb.
     0 | D:1      | Chiseanne set off with: a +2 mace, a scroll of teleportation, a potion of lignification, a +0 robe, 2 bread rations
     0 | D:1      | Reached XP level 1. HP: 19/19 MP: 0/0
   164 | D:1      | Reached XP level 2. HP: 27/27 MP: 1/1
   208 | D:1      | Reached skill level 1 in Unarmed Combat
   366 | D:1      | Reached XP level 3. HP: 33/33 MP: 2/2
   780 | D:2      | Reached XP level 4. HP: 8/42 MP: 3/3
  1319 | D:2      | Reached XP level 5. HP: 37/50 MP: 4/4
  1948 | D:3      | Found a deep blue altar of Sif Muna.
  1990 | D:3      | Found a radiant altar of Vehumet.
  2111 | D:3      | Found a white marble altar of Elyvilon.
  2484 | D:4      | Reached XP level 6. HP: 18/61 MP: 5/5
  2800 | D:4      | Found Bocuek's Gadget Shop.
  3369 | D:5      | Entered Level 5 of the Dungeon
  3391 | D:5      | Noticed an ice beast
  3398 | D:5      | Killed an ice beast
  3433 | D:5      | Reached XP level 7. HP: 66/67 MP: 6/6
  3571 | D:5      | Noticed Ijyb
  3581 | D:5      | Killed Ijyb
  3595 | D:5      | Noticed Sigmund
  3721 | D:5      | Killed Sigmund
  3832 | D:5      | Found a shattered altar of Ashenzari.
  3861 | D:5      | Found Zazetebb's Jewellery Boutique.
  3868 | D:5      | Bought an uncursed amulet of regeneration for 330 gold pieces
  3868 | D:5      | Bought a cursed -3 ring of protection for 22 gold pieces
  4553 | D:6      | Reached skill level 5 in Dodging
  4631 | D:6      | Got a faintly humming shield
  4632 | D:6      | Identified the cursed +0 shield of the Wumpus {Str+4} (You found it on level 6 of the Dungeon)
  4664 | D:6      | Reached XP level 8. HP: 63/78 MP: 7/7
  4724 | D:6      | Found a staircase to the Ecumenical Temple.
  5171 | Temple   | Entered the Ecumenical Temple
  5177 | Temple   | Became a worshipper of the Wu Jian Council
  5197 | D:7      | Found a sacrificial altar of Ru.
  5212 | D:7      | Reached skill level 5 in Unarmed Combat
  5266 | D:7      | Noticed Prince Ribbit
  5271 | D:7      | Killed Prince Ribbit
  5320 | D:7      | Found a sand-covered staircase.
  5330 | Ossuary  | Entered an ossuary
  5394 | Ossuary  | Reached * piety under Wu Jian
  5517 | Ossuary  | Reached skill level 5 in Fighting
  5608 | D:7      | Reached ** piety under Wu Jian
  5619 | D:7      | Noticed a hornet
  5625 | D:7      | Paralysed by a hornet for 3 turns
  5627 | D:7      | HP: 3/80 [hornet (4)]
  5627 | D:7      | Slain by a hornet

Vault maps used:
D:1:      dpeg_arrival_rooms_b
D:2:      kennysheep_big_flooded_room, first_bread, serial_forest,
          infiniplex_forest_clump_small, infiniplex_forest_clump_small,
          infiniplex_forest_lined_4_way, infiniplex_forest_corner_1,
          infiniplex_forest_lined_2, minmay_cut_off
D:3:      overflow_temple_1_default, overflow_temple_1_default, vehumet_crystals
D:4:      serial_shops, kennysheep_mini, hangedman_minor_gate_pass
D:5:      serial_shops, shop, ashenzari_altar_1, uniq_sigmund, uniq_ijyb
D:6:      minmay_temple_entry_hall
D:7:      lemuel_zombie_altar_kikubaaqudgha, overflow_temple_1_default,
          enter_ossuary_3, uniq_menkaure, uniq_prince_ribbit1
Temple:   dshaligram_water_room_temple
Ossuary:  ossuary_tomb_1

Skill      XL: |  1  2  3  4  5  6  7  8 |
---------------+-------------------------+-----
Unarmed Combat | 1 2 3 4 5 |  5.9
Fighting       | 2 3 4 5 |  5.1
Dodging        | 3 4 5 |  5.7
Throwing       | 2 4 |  4.0
Maces & Flails | |  1.7
Stealth        | |  1.0
Shields        | |  1.0

Action                   |  1- 3 |  4- 6 |  7- 9 || total
-------------------------+-------+-------+-------++-------
Melee: Mace              |   114 |   149 |       ||   263
       Punch             |       |     1 |     5 ||     6
       Unarmed           |       |    78 |   262 ||   340
Throw: Large rock        |       |       |     5 ||     5
  Use: Scroll            |       |    13 |     8 ||    21
 Stab: Sleeping          |     1 |     3 |     3 ||     7
       Distracted        |       |       |     1 ||     1
  Eat: Chunk             |    13 |    19 |    25 ||    57
Armor: Robe              |    73 |    81 |    74 ||   228
Dodge: Dodged            |    72 |   114 |   170 ||   356

Table legend:
 A = Spawn XP
 B = Non-spawn XP
 C = Spawn XP percentage of total XP
 D = Spawn monster count
 E = Non-spawn monster count
 F = Spawn count percentage of total count
 G = Total turns spent on level
                    A         B        C        D         E        F      G
               +---------+---------+-------+---------+---------+-------+---------
         Total |       0 |    2647 |   0.0 |       0 |     182 |   0.0 |  5627
               +---------+---------+-------+---------+---------+-------+---------
           D:1 |       0 |      46 |   0.0 |       0 |      28 |   0.0 |   614
           D:2 |       0 |     166 |   0.0 |       0 |      38 |   0.0 |   838
           D:3 |       0 |      57 |   0.0 |       0 |      17 |   0.0 |   547
           D:4 |       0 |     337 |   0.0 |       0 |      13 |   0.0 |  1370
           D:5 |       0 |     582 |   0.0 |       0 |      17 |   0.0 |   800
           D:6 |       0 |     273 |   0.0 |       0 |      12 |   0.0 |  1013
           D:7 |       0 |     933 |   0.0 |       0 |      18 |   0.0 |   163
       Ossuary |       0 |     253 |   0.0 |       0 |      39 |   0.0 |   269
               +---------+---------+-------+---------+---------+-------+---------
